 Dungeon Crawl Stone Soup version 0.19-a0-1051-gdb7e7f8 (webtiles) character file.

32 Jmtri7 the Insei (level 3, -1/24 HPs)
             Began as an Octopode Transmuter on Aug 2, 2016.
             Was an Initiate of Ashenzari.
             Slain by an adder (3 damage)
             ... on level 2 of the Dungeon.
             The game lasted 00:06:14 (879 turns).

Jmtri7 the Insei (Octopode Transmuter)               Turns: 879, Time: 00:06:15

Health: -1/24      AC:  1    Str: 10    XL:     3   Next: 25%
Magic:  6/6        EV: 13    Int: 15    God:    Ashenzari [......]
Gold:   39         SH:  0    Dex: 12    Spells: 1 memorised, 5 levels left

rFire  + . .     SeeInvis .       - Unarmed
rCold  x . .     Gourm    .     (no shield)
rNeg   . . .     Faith    .     (helmet restricted)
rPois  .         Spirit   .     (no amulet)
rElec  .         Dismiss  .     d - ring of flight (curse)
rCorr  .         Reflect  .     h - ring of fire
SustAt .         Harm     .     (no ring)
MR     .....                    (no ring)
Stlth  ++........               (no ring)
                                (no ring)
                                (no ring)
                                (no ring)

@: lethally poisoned (-1 -> -5), not resistant to hostile enchantments,
unstealthy
A: almost no armour, amphibious, 8 rings, constrict 8, camouflage 1, gelatinous
body 1
a: Curse Item, Renounce Religion, Evoke Flight


You were on level 2 of the Dungeon.
You worshipped Ashenzari.
Ashenzari was noncommittal.
You were not hungry.

You visited 1 branch of the dungeon, and saw 2 of its levels.

You collected 39 gold pieces.

Inventory:

Missiles
 a - 12 arrows
Jewellery
 d - a cursed ring of flight (left tentacle)
 h - a ring of fire (right tentacle)
Books
 b - a book of Changes

   Spells                             Type                      Level
   a - Beastly Appendage              Transmutation                1
   b - Sticks to Snakes               Transmutation                2
   c - Spider Form                    Transmutation/Poison         3
   d - Ice Form                       Ice/Transmutation            4
   e - Blade Hands                    Transmutation                5
Comestibles
 c - a bread ration
 f - 5 chunks of flesh


   Skills:
 - Level 1.9 Fighting
 - Level 2.0 Dodging
 + Level 3.4 Unarmed Combat
 - Level 2.0 Spellcasting
 + Level 2.6 Transmutations


You had 5 spell levels left.
You knew the following spells:

 Your Spells              Type           Power        Failure   Level  Hunger
a - Beastly Appendage     Tmut           #.....       10%         1    #......


Dungeon Overview and Level Annotations

Branches:
Dungeon (2/15)

Altars:
Ashenzari
Fedhas


Innate Abilities, Weirdness & Mutations

You cannot wear most types of armour.
You are amphibious.
You can wear up to eight rings at the same time.
You can use your tentacles to constrict eight enemies at once.
Your skin changes colour to match your surroundings (Stealth+).
Your rubbery body absorbs attacks. (AC +1, EV +1)


Message History

The adder misses you.
You tentacle-slap the adder but do no damage.
Your grab misses the adder. The adder bites you but does no damage.
You closely miss the adder. Your grab misses the adder.
The adder hisses angrily.
The adder bites you.
You tentacle-slap the adder. Your grab misses the adder.
The adder is moderately wounded.
The adder bites you. The adder barely misses you. x2
You tentacle-slap the adder. You grab the adder.
The adder is severely wounded.
You constrict the adder. The adder bites you.
* * * LOW HITPOINT WARNING * * *
You are poisoned.
The adder poisons you! The adder bites you.
* * * LOW HITPOINT WARNING * * *
You release your grip on the adder.
* * * LOW HITPOINT WARNING * * *
You feel sick. The adder bites you.
You die...

..... ..#....
#.#..#####.#...#.
..... ....#.... <
.... ?(.#..# .. #..#
#..#..##.#. #..#
#..........
#..####.S......≈≈
####........@.....≈.
#.......##S#####..≈_
# #.##.#####.# .
#.#.##.# #.#
#.#.##.#####.#
#....>.......#
###.##........
#.########.#
#.########.#.#


You could see 2 adders.

Vanquished Creatures
  An ooze (D:1)
  A dart slug (D:1)
  2 giant geckos (D:1)
  3 bats (D:1)
  A giant cockroach (D:2)
  4 goblins
  A hobgoblin (D:1)
  A giant newt (D:2)
  5 kobolds
  5 rats
24 creatures vanquished.

Notes
Turn   | Place    | Note
-------+----------+-------------------------------------------
     0 | D:1      | Jmtri7 the Octopode Transmuter began the quest for the Orb.
     0 | D:1      | Reached XP level 1. HP: 13/13 MP: 3/3
    74 | D:1      | Reached XP level 2. HP: 17/18 MP: 5/5
   247 | D:1      | Found a shattered altar of Ashenzari.
   281 | D:1      | Became a worshipper of Ashenzari the Shackled
   470 | D:1      | Reached XP level 3. HP: 24/24 MP: 6/6
   879 | D:2      | Found a blossoming altar of Fedhas.
   879 | D:2      | Slain by an adder

Vault maps used:
D:1:      dpeg_arrival_simpleton_a, serial_forest, infiniplex_forest_straight_2,
          infiniplex_forest_corner_1, infiniplex_forest_clump_medium,
          infiniplex_forest_end_2, infiniplex_forest_diagonal,
          infiniplex_forest_lined_room_, nicolae_ashenzari_panopticon
D:2:      fedhas_altar_2, grunt_qazlal_clouds

Action                   || total
-------------------------++-------
Melee: Unarmed           ||    54
       Tentacles         ||     7
       Constrict         ||    11
       Punch             ||     1
Invok: Curse Item        ||     1
  Use: Scroll            ||     3
 Stab: Sleeping          ||     4
Armor: Skin              ||     3
Dodge: Dodged            ||    29
